Map: Lightshade LE

Players

DPGZest (Zest) - Winner!

  • Race: Protoss Protoss
  • Spawn Location: 5:00

HeroMarine

  • Race: Terran Terran
  • Spawn Location: 11:00

Event: StayAtHome Story Cup #3

VOD

Have the link to the VOD?

Description

Time

  • Played on: March 11, 2021, 8:27 a.m.
  • Length: 4:47

All games in this series

Show
View Real Time Build Order
Export as new Build Order

DPGZest Protoss - Winner!

Build Orders: 1 Gate Expand, Dark Templar Rush 

Get SALT Encoding   

  12  0:00  Probe  
  13  0:12  Probe  
  14  0:17  Pylon  
  14  0:24  Probe (Chrono Boost)  
  15  0:36  Gateway  
  15  0:37  Probe (Chrono Boost)  
  16  0:44  Probe (Chrono Boost)  
  16  0:46  Assimilator  
  17  0:51  Probe  
  18  1:03  Probe  
  19  1:15  Probe  
  20  1:23  Cybernetics Core  
  20  1:32  Nexus  
  20  1:35  Probe  
  21  1:41  Pylon  
  21  1:47  Probe  
  21  1:50  Assimilator  
  22  1:57  Adept (Chrono Boost)  
  22  1:59  Probe  
  25  2:02  Warp Gate  
  25  2:11  Probe  
  26  2:17  Adept (Chrono Boost)  
  28  2:23  Probe  
  28  2:28  Twilight Council  
  29  2:35  Probe  
  30  2:47  Probe, Robotics Facility  
  30  2:48  Probe  
  32  2:59  Probe  
  32  3:05  Probe (Chrono Boost)  
  33  3:16  Dark Shrine  
  33  3:17  Probe x2 (Chrono Boost)  
  33  3:19  Gateway  
  34  3:24  Probe (Chrono Boost)  
  34  3:25  Probe (Chrono Boost)  
  36  3:31  Probe, Gateway  
  36  3:33  Warp Prism (Chrono Boost)  
  39  3:45  Probe  
  39  3:47  Probe  
  41  3:52  Stalker  
  43  3:55  Assimilator  
  43  3:58  Probe  
  43  4:00  Probe, Pylon  
  45  4:12  Nexus  
  47  4:26  Pylon  
  47  4:28  Dark Templar x2  
  49  4:32  Dark Templar  
  49  4:34  Probe x2  
Show
View Real Time Build Order
Export as new Build Order

HeroMarine Terran 

Build Orders: Reaper Expand 

Get SALT Encoding   

  12  0:00  SCV  
  13  0:12  SCV  
  14  0:17  Supply Depot  
  14  0:24  SCV  
  15  0:39  SCV  
  15  0:40  Barracks  
  16  0:43  Refinery  
  16  0:51  SCV  
  17  1:03  SCV  
  18  1:15  SCV  
  19  1:28  Orbital Command, Reaper  
  20  1:42  Command Center  
  20  1:51  Supply Depot  
  20  1:54  SCV  
  20  2:00  Marine  
  22  2:06  SCV  
  23  2:10  Factory  
  23  2:18  Bunker  
  23  2:20  SCV  
  24  2:24  Barracks Reactor  
  24  2:28  Refinery  
  24  2:32  SCV  
  25  2:44  SCV  
  26  2:56  SCV  
  26  2:57  Orbital Command  
  27  2:59  Hellion  
  27  3:05  Starport  
  28  3:06  Marine  
  28  3:07  Marine  
  28  3:08  SCV  
  30  3:20  SCV  
  30  3:21  Hellion  
  30  3:24  SCV, Marine  
  30  3:25  Marine  
  36  3:34  SCV  
  36  3:36  SCV, Supply Depot  
  38  3:42  Hellion, Medivac  
  38  3:47  Marine x2  
  45  3:48  SCV x2  
  46  4:00  SCV  
  46  4:01  SCV, Supply Depot  
  48  4:04  Marine  
  48  4:05  Factory Tech Lab, Marine  
  50  4:12  Starport Tech Lab, SCV  
  50  4:13  SCV  
  52  4:22  Barracks, Marine x2  
  54  4:25  SCV x2  
Tags
 
Add a new tag
Caveats
  • Supply blocks, unpowered buildings, or Contaminate may cause inaccurate times.
  • Supply counts are checked every 10 seconds.